Map: Prion Terraces

Players

Petraeus

  • Race: Zerg Zerg
  • League: Grandmaster

PiG - Winner!

  • Race: Zerg Zerg
  • League: Grandmaster

Event: 2016 WCS Winter Challenger Oceania SEA

VOD

Have the link to the VOD?

Description

Time

  • Played on: Feb. 14, 2016, 12:50 a.m.
  • Length: 15:05

All games in this series

Show
View Real Time Build Order
Export as new Build Order

Petraeus Zerg 

Build Orders: Pool First, Zergling Baneling 

Get SALT Encoding   

  12  0:00  Drone  
  13  0:08  Drone  
  14  0:16  Overlord  
  14  0:23  Drone, Extractor  
  15  0:35  Drone  
  15  0:36  Drone  
  17  0:42  Extractor  
  17  0:47  Spawning Pool  
  15  0:50  Drone  
  15  0:56  Drone  
  17  1:17  Hatchery  
  16  1:20  Drone  
  17  1:33  Queen  
  17  1:36  Zergling x2  
  20  1:43  Metabolic Boost  
  20  1:47  Drone  
  20  1:54  Overlord  
  21  1:57  Drone  
  22  2:08  Baneling Nest  
  22  2:13  Queen  
  23  2:17  Drone  
  24  2:32  Drone  
  24  2:36  Drone x3  
  28  2:43  Drone  
  29  2:45  Zergling x4  
  29  2:47  Zergling x2  
  32  2:53  Zergling x2  
  32  2:55  Overlord  
  32  3:01  Zergling x2  
  32  3:04  Baneling  
  33  3:11  Drone  
  33  3:12  Drone  
  35  3:14  Drone  
  35  3:17  Roach Warren  
  35  3:18  Zergling x4  
  37  3:21  Overlord  
  37  3:25  Zergling x6  
  37  3:42  Zergling x4  
  37  3:45  Zergling x2  
  37  3:46  Zergling x4, Baneling  
  37  3:47  Baneling x3  
  42  3:51  Hatchery  
  42  3:54  Baneling  
  39  3:56  Zergling x2  
  39  4:01  Drone x2  
  44  4:03  Roach  
  44  4:06  Baneling  
  41  4:13  Roach  
  41  4:15  Zergling x2  
  43  4:17  Zergling x6  
  43  4:19  Queen  
  45  4:28  Roach x2  
  45  4:30  Zergling x4  
  51  4:36  Drone  
  51  4:37  Overlord  
  51  4:49  Baneling  
  51  4:57  Extractor, Evolution Chamber  
  50  5:00  Drone x5  
  50  5:03  Drone x3  
  55  5:07  Overlord  
  53  5:14  Drone x2  
  53  5:16  Roach x3  
  60  5:24  Roach  
  58  5:35  Drone x4  
  60  5:40  Baneling  
  60  5:41  Baneling  
  59  5:51  Roach  
  59  5:53  Overlord x2  
  61  6:01  Hatchery  
  59  6:05  Overlord  
  59  6:17  Roach x3  
  65  6:19  Overlord  
  65  6:26  Drone x3  
  65  6:29  Zerg Missile Weapons Level 1  
  65  6:30  Overlord  
  68  6:39  Roach x3  
  74  6:43  Queen  
  76  6:47  Overlord  
  76  6:53  Drone x2  
  78  6:56  Drone x2  
  80  7:05  Roach x3  
  86  7:08  Overlord  
  86  7:15  Roach x3  
  92  7:17  Roach  
  92  7:22  Drone x2  
  96  7:25  Drone  
  96  7:27  Drone  
  96  7:29  Overlord  
  98  7:36  Drone x2  
  95  7:45  Roach  
  95  7:46  Roach x3  
  95  7:50  Roach x3  
  100  7:53  Baneling x2  
  87  8:05  Drone  
  87  8:06  Drone x4  
  87  8:12  Drone x2  
  93  8:13  Roach x3  
  93  8:17  Roach  
  100  8:20  Drone x3  
  100  8:25  Roach  
  100  8:27  Roach  
  107  8:30  Roach x2  
  107  8:33  Roach  
  113  8:36  Zergling x2  
  113  8:38  Roach  
  116  8:41  Overlord  
  116  8:44  Roach  
  116  8:45  Roach  
  120  8:49  Overlord  
  120  8:50  Extractor  
  120  8:51  Overlord  
  119  8:58  Roach  
  119  9:00  Drone  
  122  9:06  Roach x4  
  122  9:08  Overlord  
  130  9:11  Drone x2  
  130  9:12  Drone  
  130  9:13  Drone  
  130  9:15  Drone  
  135  9:19  Roach  
  135  9:22  Baneling x2  
  137  9:25  Roach x2  
  137  9:27  Roach  
  137  9:30  Roach  
  145  9:32  Roach  
  145  9:34  Zergling x2  
  145  9:37  Spine Crawler, Extractor, Roach  
  148  9:40  Overlord  
  148  9:45  Roach x2  
  146  9:49  Roach x2  
  125  9:53  Roach  
  125  9:55  Drone x3  
  125  9:56  Roach  
  112  10:00  Roach x2  
  112  10:03  Roach  
  112  10:04  Zergling x6  
  115  10:08  Queen  
  115  10:10  Roach  
  119  10:15  Roach x2  
  119  10:16  Roach  
  119  10:20  Roach  
  127  10:26  Extractor  
  127  10:27  Roach x3  
  132  10:30  Zergling x2  
  132  10:33  Zergling x2  
  132  10:34  Zergling x4  
  136  10:38  Extractor  
  136  10:39  Drone x2  
  136  10:40  Drone  
  140  10:43  Roach x2  
  140  10:45  Roach  
  143  10:50  Roach x4  
  151  10:57  Lair  
  151  11:03  Drone  
  152  11:05  Ravager  
  152  11:06  Ravager  
  152  11:09  Overlord x3  
  154  11:13  Hatchery  
  154  11:15  Ravager  
  153  11:23  Drone x2  
  153  11:25  Overlord x2  
  152  11:29  Ravager  
  152  11:30  Ravager  
  152  11:31  Drone x2  
  152  11:32  Spine Crawler  
  155  11:37  Zergling x8  
  155  11:38  Zergling x2  
  160  11:42  Roach  
  160  11:43  Roach  
  160  11:44  Ravager x2  
  160  11:45  Ravager  
  160  11:46  Ravager  
  168  11:53  Ravager  
  168  11:54  Roach x3  
  175  11:55  Ravager  
  173  12:03  Overlord  
  173  12:04  Glial Reconstitution  
  173  12:11  Drone  
  173  12:12  Zerg Missile Weapons Level 2  
  174  12:16  Roach x3  
  174  12:18  Extractor  
  174  12:22  Drone x3  
  182  12:26  Roach x2  
  181  12:31  Ravager  
  181  12:32  Ravager  
  183  12:37  Pneumatized Carapace  
  183  12:42  Roach x3  
  183  12:43  Roach  
  191  12:46  Drone x2  
  191  12:47  Drone  
  193  12:51  Roach x2  
  193  12:58  Hydralisk Den  
  196  13:00  Roach  
  196  13:01  Spine Crawler  
  197  13:13  Overlord  
  197  13:14  Roach  
  199  13:21  Overseer  
  199  13:47  Overlord x2  
  194  13:57  Overlord  
  113  14:24  Roach  
  113  14:25  Roach x10  
  113  14:26  Hydralisk x8  
  151  14:33  Roach x2  
  151  14:37  Ravager  
  156  14:39  Ravager  
Show
View Real Time Build Order
Export as new Build Order

PiG Zerg - Winner!

Build Orders: Pool First, Zergling Baneling 

Get SALT Encoding   

  12  0:00  Drone  
  13  0:12  Overlord  
  13  0:17  Drone  
  14  0:31  Drone x2  
  14  0:34  Drone  
  17  0:46  Spawning Pool  
  17  0:49  Drone, Extractor  
  16  0:57  Drone  
  17  1:06  Drone  
  18  1:18  Hatchery  
  18  1:25  Drone  
  18  1:29  Drone  
  19  1:36  Queen  
  21  1:45  Overlord  
  21  1:49  Metabolic Boost  
  21  1:53  Zergling x2  
  22  2:07  Drone  
  23  2:11  Baneling Nest  
  23  2:13  Queen  
  24  2:20  Drone  
  25  2:33  Drone x2  
  27  2:46  Zergling x6  
  27  2:47  Drone  
  27  2:48  Drone  
  32  2:53  Drone  
  33  2:58  Overlord  
  33  3:07  Baneling x2  
  33  3:09  Drone  
  33  3:10  Drone  
  35  3:17  Hatchery  
  34  3:21  Zergling x6  
  34  3:24  Baneling  
  34  3:26  Zergling x4  
  39  3:39  Hatchery  
  39  3:40  Zergling x6  
  39  3:41  Zergling x2  
  42  3:45  Zergling x4  
  43  3:51  Baneling x2  
  43  3:54  Zergling x4  
  43  3:57  Evolution Chamber  
  43  4:01  Overlord  
  41  4:14  Zergling x4  
  41  4:15  Zergling x2  
  44  4:19  Queen  
  42  4:26  Baneling x2  
  42  4:27  Baneling  
  42  4:33  Zergling x10  
  42  4:36  Baneling x3  
  47  4:38  Zergling x2  
  47  4:39  Zergling x2  
  48  4:51  Drone x4  
  50  4:54  Roach Warren  
  50  4:55  Drone  
  50  4:56  Drone x2  
  50  4:57  Drone  
  53  5:11  Extractor  
  53  5:12  Extractor  
  53  5:13  Drone x2  
  53  5:14  Drone  
  44  5:34  Roach x2  
  44  5:35  Roach x4  
  52  5:52  Overlord  
  52  5:53  Hatchery  
  51  6:07  Drone  
  51  6:08  Overlord x3  
  51  6:09  Zerg Missile Weapons Level 1  
  52  6:31  Drone x8  
  71  6:47  Roach x7  
  71  6:52  Roach  
  73  6:57  Roach  
  73  7:01  Roach  
  76  7:14  Roach x3  
  82  7:21  Roach x4  
  90  7:23  Overlord  
  84  7:42  Roach x6  
  96  7:50  Roach x5  
  96  7:54  Queen  
  88  8:00  Roach x2  
  91  8:24  Drone x5, Extractor  
  91  8:25  Extractor  
  94  8:29  Drone x3  
  97  8:36  Zergling x2  
  97  8:38  Overlord x3  
  98  8:45  Zerg Ground Armor Level 1  
  98  8:48  Overlord x2  
  98  8:56  Queen  
  98  8:57  Drone  
  98  8:58  Drone x3  
  98  8:59  Drone x2  
  110  9:02  Roach  
  110  9:03  Roach  
  110  9:06  Roach x4  
  118  9:11  Roach x2  
  122  9:22  Roach x3  
  128  9:25  Baneling  
  128  9:33  Extractor, Roach x3  
  128  9:34  Zergling x2  
  128  9:35  Zergling x4  
  125  9:46  Roach x4  
  125  9:52  Roach x3  
  114  9:55  Roach  
  114  9:58  Roach  
  114  9:59  Zergling x4  
  101  10:10  Drone x3  
  101  10:11  Drone  
  101  10:13  Hatchery  
  104  10:15  Ravager x2  
  104  10:16  Ravager  
  107  10:25  Ravager  
  107  10:51  Lair  
  107  10:52  Roach x8  
  123  10:59  Roach x6  
  135  11:04  Roach  
  135  11:05  Overlord  
  137  11:23  Overlord x3  
  135  11:40  Drone x4  
  135  11:41  Drone  
  135  11:42  Roach x3  
  135  11:43  Overlord x2  
  135  11:44  Roach  
  148  11:48  Glial Reconstitution  
  148  11:52  Overlord  
  148  12:01  Roach x4  
  148  12:03  Zergling x2  
  157  12:09  Zerg Missile Weapons Level 2  
  157  12:12  Ravager x6  
  163  12:17  Roach x2  
  165  12:35  Roach x3  
  165  12:36  Roach x3  
  177  12:37  Ravager  
  177  12:38  Ravager x2  
  180  12:47  Overlord  
  180  12:51  Pneumatized Carapace  
  179  12:53  Roach x3  
  185  13:06  Extractor  
  184  13:17  Roach x8  
  178  14:17  Roach x3  
  178  14:18  Roach x5  
  178  14:20  Roach x9  
  178  14:23  Roach x7  
  196  14:31  Roach x3  
  198  14:42  Roach  
Tags
 
Add a new tag
Caveats
  • Supply blocks, unpowered buildings, or Contaminate may cause inaccurate times.
  • Supply counts are checked every 10 seconds.